 Dungeon Crawl Stone Soup version 0.14-a0-1773-ge500af7 (webtiles) character file.

136 PolkaDot the Ruinous (level 3, -1/24 HPs)
             Began as a Vampire Conjurer on Jan 7, 2014.
             Slain by a worm (8 damage)
             ... on Level 3 of the Dungeon.
             The game lasted 00:07:42 (2157 turns).

PolkaDot the Ruinous (Vampire Conjurer)             Turns: 2157, Time: 00:07:42

HP  -1/24        AC  2     Str  7      XL: 3   Next: 98%
MP   2/6         EV 12     Int 18      God:
Gold 69          SH  0     Dex 14      Spells:  2 memorised,  3 levels left

rFire  . . .     SeeInvis +     d - +1 dwarf hand axe
rCold  . . .     Clarity  .     a - +0 robe
rNeg   . . .     Conserve .     (no shield)
rPois  .         rCorr    .     (no helmet)
rElec  .         rRot     .     (no cloak)
SustAb . .       Spirit   .     (no gloves)
rMut   .         Warding  .     (no boots)
Saprov . . .     Stasis   .     (no amulet)
                                (no ring)
                                n - ring of wizardry

@: regenerating quickly, slightly resistant to hostile enchantments, stealthy
A: fangs 3, see invisible, unbreathing
a: no special abilities


You were on level 3 of the Dungeon.
You were full.

You visited 1 branch of the dungeon, and saw 3 of its levels.

You collected 69 gold pieces.

Inventory:

Hand weapons
 d - a +1,+1 dwarven hand axe (weapon)
Armour
 a - a +0 robe (worn)
Scrolls
 h - a scroll of fog {unknown}
 i - a scroll of remove curse {unknown}
 j - a scroll of fear {unknown}
 k - a scroll of blinking {unknown}
 l - a scroll of recharging {unknown}
 m - a scroll of identify
 o - a scroll of noise {unknown}
 p - a scroll of enchant weapon II {unknown}
Jewellery
 n - a ring of wizardry (left hand)
Potions
 b - 2 potions of speed
 e - a potion of agility {unknown}
 f - 3 potions of paralysis {unknown}
 g - 3 potions of curing {unknown}
 q - a potion of berserk rage {unknown}
Books
 c - a book of Conjurations

   Spells                             Type                      Level
   *Magic Dart                        Conjuration                  1
   *Searing Ray                       Conjuration                  2
   Dazzling Spray                     Conjuration/Hexes            3
   Iskenderun's Mystic Blast          Conjuration                  4
   Iskenderun's Battlesphere          Conjuration/Charms           4
   Fulminant Prism                    Conjuration/Hexes            5
Magical staves
 r - an uncursed staff of air


   Skills:
 - Level 2.1 Dodging
 - Level 3.0 Stealth
 - Level 2.0 Spellcasting
 * Level 4.2 Conjurations


You had 3 spell levels left.
You knew the following spells:

 Your Spells              Type           Power        Failure   Level  Hunger
a - Magic Dart            Conj           ###.         1%          1    #......
s - Searing Ray           Conj           ###...       2%          2    ##.....


Dungeon Overview and Level Annotations

Branches:
Dungeon (3/16)

Altars:
Fedhas
Nemelex Xobeh


Innate Abilities, Weirdness & Mutations

Your natural rate of healing is unusually fast.
You have razor-sharp teeth.*
You have supernaturally acute eyesight.
You can survive without breathing.*


Message History

The worm is moderately wounded.
* * * LOW MAGIC WARNING * * *
The searing ray hits the worm.
The worm is heavily wounded.
* * * LOW MAGIC WARNING * * *
The worm bites you!
Found a spear.
You hit the worm.
The worm is severely wounded.
You barely miss the worm.
The worm is severely wounded.
The worm barely misses you.
You hit the worm.
The worm is severely wounded.
The worm bites you!
* * * LOW HITPOINT WARNING * * *
You hit the worm.
The worm is almost dead.
The worm bites you!
You die...

#.#. .# #.#. # #.# ###.#.
##. #.# #...#. ..##.### #
#.###. #.....#.# #.# ##
####....)#.# #.#
)......$w...# #.#
#...@.#.# #%#
#..$..#.########.#
###.###..........#
#.........#####.####
#..###.##.# #.....
#..###>##.# #.####
#.#####...##(##.## #.# #
#.......%.%..#...####.# #
#######...#....#......####


You could see a worm.

Vanquished Creatures
  2 adders
  A giant mite (D:1)
  A worm (D:3)
  An ooze (D:2)
  An orc (D:3)
  2 ball pythons
  6 bats
  4 hobgoblins
  A kobold (D:1)
  A quokka (D:2)
  3 giant cockroaches
  2 giant newts (D:1)
  4 goblins
  6 rats
35 creatures vanquished.

Notes
Turn   | Place    | Note
--------------------------------------------------------------
     0 | D:1      | PolkaDot, the Vampire Conjurer, began the quest for the Orb.
     0 | D:1      | Reached XP level 1. HP: 13/13 MP: 3/3
   172 | D:1      | Reached XP level 2. HP: 5/19 MP: 0/4
   597 | D:1      | Learned a level 2 spell: Searing Ray
  1208 | D:2      | Reached XP level 3. HP: 8/24 MP: 0/6
  1264 | D:2      | Found a blossoming altar of Fedhas.
  1735 | D:2      | Found a sparkling altar of Nemelex Xobeh.
  1954 | D:3      | Reached skill level 4 in Conjurations
  2157 | D:3      | Slain by a worm

Action                   || total
-------------------------++-------
Melee: Hand axe          ||    95
 Cast: Magic Dart        ||    13
       Searing Ray       ||     5
  Use: Scroll            ||     2
       Potion            ||     1
 Stab: Sleeping          ||     5
